[Event "Titled Tuesday Blitz March 28 Late 2023"]
[White "Torrente, Alejandro Josue"]
[Black "Dahlgren, James Allen"]
[WhiteFideId "4437969"]
[BlackFideId "22256873"]
[WhiteElo "2025"]
[BlackElo "2206"]
[Result "1-0"]
[Round "08"]
[TimeControl "180+2"]
[Date "2023.03.28"]
[WhiteClock "0:00:37"]
[BlackClock "0:00:01"]

1. e4 e6 2. d4 c5 3. Nc3 cxd4 4. Qxd4 Nc6 5. Qd1 Nf6 6. Bd3 Bb4 7. Bd2 d5 8. exd5 exd5 9. a3 Be7 10. Nf3 O-O 11. h3 h6 12. O-O Be6 13. Re1 a6 14. Bf4 Qb6 15. Ne5 Rad8 16. Qf3 Qxb2 17. Na4 Qd4 18. Nxc6 bxc6 19. c4 dxc4 20. Bc2 Bd5 21. Qe2 Rfe8 22. Be5 Qh4 23. Bg3 Qg5 24. h4 Qg4 25. Qxg4 Nxg4 26. Bc7 Rc8 27. Bb6 Bxh4 28. g3 Bf6 29. Rad1 Bf3 30. Rc1 Bd5 31. f4 Rb8 32. Bc5 g6 33. Nb6 Kg7 34. Ba4 c3 35. Rxe8 Rxe8 36. Nxd5 cxd5 37. Bxe8 d4 38. Bb4 h5 39. Ba4 h4 40. gxh4 Bxh4 41. Bc2 Ne3 42. Bd3 Bg3 43. Bc5 Bxf4 44. Bxd4+ f6 45. Rxc3 1-0


[Site "https://www.chess.com"]

[Event "Titled Tuesday Blitz March 28 Late 2023"]
[White "Przybylski, Wojciech"]
[Black "Khatena, Moshe"]
[WhiteFideId "1117599"]
[BlackFideId "2010461"]
[WhiteElo "2222"]
[BlackElo "2165"]
[Result "1-0"]
[Round "08"]
[TimeControl "180+2"]
[Date "2023.03.28"]
[WhiteClock "0:00:58"]
[BlackClock "0:00:20"]

1. d4 Nf6 2. c4 g6 3. Nf3 Bg7 4. Nc3 O-O 5. e4 d6 6. h3 e5 7. d5 Ne8 8. Bg5 f6 9. Be3 h6 10. g4 f5 11. gxf5 gxf5 12. Bd3 Nd7 13. exf5 Nc5 14. Bc2 Bxf5 15. Bxf5 Rxf5 16. Bxc5 dxc5 17. Ne4 Qe7 18. Rg1 Nd6 19. Nfd2 Raf8 20. Qe2 Qh4 21. Qg4 Qxg4 22. Rxg4 Rf4 23. Ke2 h5 24. Rxf4 exf4 25. Nxd6 cxd6 26. Rb1 Bd4 27. Kf3 Kg7 28. Ne4 Be5 29. b4 b6 30. Ng5 Kf6 31. Nh7+ Ke7 32. Nxf8 Kxf8 33. Ke4 1-0


[Site "https://www.chess.com"]

[Event "Titled Tuesday Blitz March 28 Late 2023"]
[White "Kornyukov, Alexey"]
[Black "Bolanos, Fernando"]
[WhiteFideId "4150457"]
[BlackFideId "3304094"]
[WhiteElo "2352"]
[BlackElo "2166"]
[Result "1-0"]
[Round "08"]
[TimeControl "180+2"]
[Date "2023.03.28"]
[WhiteClock "0:00:24"]
[BlackClock "0:00:02"]

1. d4 d5 2. c4 c6 3. Nf3 Nf6 4. e3 Bf5 5. Nc3 e6 6. Nh4 Be4 7. f3 Bg6 8. Qb3 Qb6 9. Nxg6 hxg6 10. Bd2 Nbd7 11. Kf2 Bd6 12. g3 g5 13. c5 Qxb3 14. axb3 Bc7 15. f4 g4 16. b4 b5 17. Be2 Ke7 18. Kg2 Ne4 19. Nxe4 dxe4 20. Bxg4 f5 21. Bd1 Nf6 22. Bb3 Rh6 23. Ra6 Kd7 24. Rha1 Rah8 25. h4 Bb8 26. Rxa7+ Bxa7 27. Rxa7+ Kd8 28. Bxe6 g6 29. d5 Nxd5 30. Bxd5 cxd5 31. Bc3 R8h7 32. Bg7 Rh5 33. c6 Kc8 34. Rd7 Kb8 35. Kf1 Kc8 36. Ke2 Kb8 37. Kd2 Kc8 38. Kc3 g5 39. fxg5 f4 40. exf4 1-0


[Site "https://www.chess.com"]

[Event "Titled Tuesday Blitz March 28 Late 2023"]
[White "Hartikainen, Jarmo"]
[Black "Li, Hui"]
[WhiteFideId "503134"]
[BlackFideId "15400310"]
[WhiteElo "2155"]
[BlackElo "1967"]
[Result "0-1"]
[Round "08"]
[TimeControl "180+2"]
[Date "2023.03.28"]
[WhiteClock "0:00:07"]
[BlackClock "0:00:08"]

1. e4 e5 2. Nf3 Nf6 3. d4 exd4 4. e5 Ne4 5. Qxd4 d5 6. exd6 Nxd6 7. Nc3 Nc6 8. Qf4 Nf5 9. Bb5 Bd6 10. Qe4+ Qe7 11. Bxc6+ bxc6 12. Qxe7+ Nxe7 13. O-O O-O 14. Re1 Nd5 15. Ne4 Nb4 16. Nd4 c5 17. Nxd6 cxd6 18. a3 cxd4 19. axb4 Bf5 20. Rd1 Rfe8 21. c4 Bc2 22. Rf1 Bd3 23. Rd1 Bxc4 24. Bf4 d3 25. Bxd6 Re2 26. Bc5 a6 27. Bd4 f6 28. Bc3 Rae8 29. h3 Rc2 30. Rac1 Ree2 31. Bd4 Rxc1 32. Rxc1 d2 33. Rd1 Re1+ 34. Kh2 Rxd1 35. Kg3 Rb1 36. Bc3 d1=Q 37. f3 Qd3 38. Kf2 Qc2+ 39. Kg3 Rg1 40. Kf4 Qxg2 41. Ke3 Rf1 42. Kd4 Qxf3 43. Kc5 Qd5+ 0-1


[Site "https://www.chess.com"]

[Event "Titled Tuesday Blitz March 28 Late 2023"]
[White "Manu_ChessExcelsior"]
[Black "Nery Junior, Jose Antonio"]
[BlackFideId "2104822"]
[WhiteElo "2110"]
[BlackElo "2197"]
[Result "1/2-1/2"]
[Round "08"]
[TimeControl "180+2"]
[Date "2023.03.28"]
[WhiteClock "0:00:09"]
[BlackClock "0:00:23"]

1. e4 c5 2. g3 g6 3. Bg2 b5 4. d3 Bb7 5. f4 Bg7 6. Nf3 e6 7. O-O Ne7 8. c3 d5 9. e5 h5 10. Be3 Nd7 11. Bf2 O-O 12. h3 a5 13. a3 Qc7 14. Nbd2 b4 15. axb4 axb4 16. Qe2 bxc3 17. bxc3 Rxa1 18. Rxa1 Ra8 19. Rxa8+ Bxa8 20. d4 c4 21. g4 hxg4 22. hxg4 Bc6 23. Nf1 Ba4 24. Be3 Qb6 25. Bd2 Bc2 26. Ne1 Qb1 27. Ne3 Be4 28. Kf2 Bxg2 29. N3xg2 Nb6 30. Qe3 Na4 31. Nh4 Nb2 32. Kg3 Nd1 33. Qf3 Bf8 34. f5 exf5 35. gxf5 Nxf5+ 36. Nxf5 gxf5 37. Ng2 Be7 38. Nf4 Bg5 39. Qxd5 Bxf4+ 40. Kxf4 Qd3 41. Qd8+ Kh7 42. Qh4+ Kg8 43. Qg5+ Kf8 44. Qd8+ Kg7 45. Qg5+ Kf8 46. Qd8+ Kg7 47. Qg5+ Kf8 1/2-1/2


[Site "https://www.chess.com"]

[Event "Titled Tuesday Blitz March 28 Late 2023"]
[White "Skibbe, Willi"]
[Black "Matute Escobar, Roxanny"]
[WhiteFideId "4682190"]
[BlackFideId "3926028"]
[WhiteElo "2313"]
[BlackElo "1732"]
[Result "1-0"]
[Round "08"]
[TimeControl "180+2"]
[Date "2023.03.28"]
[WhiteClock "0:01:19"]
[BlackClock "0:00:35"]

1. d4 Nf6 2. Nf3 g6 3. e3 Bg7 4. Be2 c5 5. O-O cxd4 6. exd4 O-O 7. b3 d6 8. Bb2 Nc6 9. c4 Bf5 10. d5 Nb8 11. Nc3 Na6 12. a4 Rc8 13. a5 Nb4 14. Ra4 Na6 15. Nd4 Nc5 16. Nxf5 Nxa4 17. Nxe7+ Qxe7 18. Nxa4 Qc7 19. b4 Rfe8 20. Bd3 b6 21. axb6 axb6 22. Nc3 Qd7 23. Nb5 Ng4 24. Bxg7 Kxg7 25. Nxd6 Ne5 26. Nxe8+ Rxe8 27. f4 Ng4 28. Qa1+ Kg8 29. f5 b5 30. fxg6 hxg6 31. Qd4 bxc4 32. Bxc4 Ne5 33. d6 Qc6 34. Bd5 Qxd6 35. Rxf7 Rd8 36. Rd7+ 1-0


[Site "https://www.chess.com"]

[Event "Titled Tuesday Blitz March 28 Late 2023"]
[White "Zampronha, Wladimir Camilo"]
[Black "Oliveira, Tiago Batista"]
[WhiteFideId "2103087"]
[BlackFideId "2108291"]
[WhiteElo "2176"]
[BlackElo "1962"]
[Result "1-0"]
[Round "08"]
[TimeControl "180+2"]
[Date "2023.03.28"]
[WhiteClock "0:00:12"]
[BlackClock "0:00:01"]

1. e4 e5 2. Nf3 Nc6 3. d4 exd4 4. Nxd4 Nf6 5. Nxc6 bxc6 6. e5 Qe7 7. Qe2 Nd5 8. c4 Ba6 9. b3 Qh4 10. a3 Bc5 11. g3 Qe7 12. Bb2 Qg5 13. Bg2 O-O 14. O-O Rfe8 15. Nd2 Bb6 16. Rfe1 d6 17. Nf3 Qg6 18. Qd2 Ne7 19. Nh4 Qe6 20. exd6 Qxd6 21. Qc3 f6 22. Rad1 Qc5 23. Re2 Rad8 24. Rde1 Rd7 25. Re4 Red8 26. R4e2 Ng6 27. Nxg6 hxg6 28. Qc2 Qg5 29. Be4 Rd2 30. Qc3 Rxe2 31. Rxe2 Rd1+ 32. Kg2 Qe5 33. Qxe5 fxe5 34. Bxc6 Bd4 35. Bxd4 exd4 36. Bd5+ Kf8 37. b4 Bc8 38. f3 Bf5 39. g4 Bd3 40. Rb2 Rb1 41. Rxb1 Bxb1 42. Kf2 Ke7 43. Be4 d3 44. Ke3 1-0


[Site "https://www.chess.com"]

[Event "Titled Tuesday Blitz March 28 Late 2023"]
[White "Pirvulescu, Ekaterina"]
[Black "Jimenez, Joaquin"]
[WhiteFideId "13506374"]
[BlackFideId "109860"]
[WhiteElo "2006"]
[BlackElo "2163"]
[Result "1-0"]
[Round "08"]
[TimeControl "180+2"]
[Date "2023.03.28"]
[WhiteClock "0:00:30"]
[BlackClock "0:00:01"]

1. e4 e6 2. d4 d5 3. Nc3 Bb4 4. e5 c5 5. Bd2 cxd4 6. Nb5 Bxd2+ 7. Qxd2 Nc6 8. f4 Nge7 9. Nd6+ Kf8 10. Nf3 Nf5 11. Ng5 Nxd6 12. exd6 Qxd6 13. O-O-O Bd7 14. Kb1 Rc8 15. Bd3 h6 16. Nf3 Ke7 17. Rhe1 Rhe8 18. Nh4 Kf8 19. g3 Nb4 20. Nf3 Qc5 21. Ne5 Re7 22. Rf1 Kg8 23. g4 Ba4 24. b3 Bb5 25. Rf2 Rec7 26. g5 hxg5 27. fxg5 a5 28. Rdf1 a4 29. Rxf7 Rxf7 30. Rxf7 Nxd3 31. Nxd3 Bxd3 32. Qxd3 Kxf7 33. g6+ Kg8 34. Qe2 Qd6 35. Qh5 Rc3 36. Qh7+ Kf8 37. Qh8+ Ke7 38. Qxg7+ Kd8 39. Qxd4 Rh3 40. g7 Qxh2 41. g8=Q+ Kd7 42. Qf7+ Kc6 43. Qxe6+ Qd6 44. Qxd6+ Kxd6 45. Qf6+ Kc5 46. Qf2+ Kc6 47. bxa4 Rh1+ 48. Kb2 1-0


[Site "https://www.chess.com"]

[Event "Titled Tuesday Blitz March 28 Late 2023"]
[White "Lalanne, Pablo"]
[Black "Necula, Iulian"]
[WhiteFideId "112151"]
[BlackFideId "1232380"]
[WhiteElo "2120"]
[BlackElo "1790"]
[Result "1-0"]
[Round "08"]
[TimeControl "180+2"]
[Date "2023.03.28"]
[WhiteClock "0:01:05"]
[BlackClock "0:00:58"]

1. e4 d6 2. d4 Nf6 3. Nc3 e5 4. Nf3 Nbd7 5. Bc4 Be7 6. O-O h6 7. Qe2 c6 8. a4 a5 9. Rd1 Qc7 10. b3 O-O 11. Bb2 Re8 12. h3 Nf8 13. dxe5 dxe5 14. Qe3 Be6 15. Ne2 Bxc4 16. Bxe5 Qc8 17. bxc4 Ng6 18. Bc3 Bb4 19. Bxf6 gxf6 20. Qxh6 Bf8 21. Qe3 Bg7 22. Rab1 Rb8 23. Ng3 Qe6 24. Qc5 b6 25. Qd6 Qxc4 26. Nh5 Qe6 27. Qg3 Qxe4 28. Rd4 Qe5 29. Nxe5 fxe5 30. Rg4 Bh8 31. Rxg6+ fxg6 32. Qxg6+ Kf8 33. Rb3 Rb7 34. Rf3+ Ke7 35. Rf7+ 1-0


[Site "https://www.chess.com"]

[Event "Titled Tuesday Blitz March 28 Late 2023"]
[White "dorpato"]
[Black "Ardila, Oscar Humberto"]
[BlackFideId "4404742"]
[WhiteElo "2058"]
[BlackElo "1911"]
[Result "1-0"]
[Round "08"]
[TimeControl "180+2"]
[Date "2023.03.28"]
[WhiteClock "0:00:17"]
[BlackClock "0:00:06"]

1. d4 Nf6 2. c4 e6 3. Nf3 Bb4+ 4. Bd2 Qe7 5. g3 a5 6. a3 Bxd2+ 7. Nbxd2 c5 8. Bg2 Nc6 9. Nb3 cxd4 10. Nbxd4 O-O 11. O-O Qc5 12. b3 a4 13. Nb5 axb3 14. Qxb3 Na5 15. Qb4 Qxc4 16. Nd6 Qxe2 17. Rfc1 Nd5 18. Qh4 Nb3 19. Re1 Qa6 20. Ng5 Nf6 21. Rad1 h6 22. Nge4 Nxe4 23. Bxe4 f5 24. Bg2 Qxa3 25. Nxc8 Raxc8 26. Rxd7 Rc1 27. Rdd1 b5 28. Qf4 Rxd1 29. Rxd1 Rc8 30. Qe5 Qe7 31. Bd5 Nc5 32. Rc1 Kh7 33. Bxe6 Nxe6 34. Rxc8 Qd7 35. Rc1 b4 36. Qxf5+ Kg8 37. Re1 Nd4 38. Qxd7 1-0


[Site "https://www.chess.com"]

[Event "Titled Tuesday Blitz March 28 Late 2023"]
[White "Bongo Akanga Ndjila, Barthelemy"]
[Black "Zavortink, Matt"]
[WhiteFideId "10609431"]
[BlackFideId "2034263"]
[WhiteElo "1768"]
[BlackElo "2358"]
[Result "0-1"]
[Round "08"]
[TimeControl "180+2"]
[Date "2023.03.28"]
[WhiteClock "0:00:10"]
[BlackClock "0:00:06"]

1. d4 Nf6 2. c4 g6 3. Nc3 Bg7 4. e4 d6 5. Be2 O-O 6. Nf3 e5 7. O-O Nc6 8. d5 Ne7 9. Ne1 Nd7 10. f3 f5 11. g4 f4 12. Ng2 g5 13. Bd2 h5 14. h3 Rf6 15. b4 Rh6 16. Kf2 Ng6 17. Rh1 Bf8 18. Bd3 Qf6 19. Ke2 a6 20. Be1 hxg4 21. Kd2 gxh3 22. Nxf4 exf4 23. Kc2 Bg7 24. Kb3 Nge5 25. Rc1 a5 26. a3 axb4 27. axb4 c6 28. dxc6 Nxc6 29. Bf2 Nd4+ 30. Kb2 Nb6 31. Re1 Nxf3 32. Qxf3 Na4+ 33. Kb3 Nxc3 34. e5 dxe5 35. Rxc3 e4 36. Bxe4 Qxc3+ 37. Qxc3 Bxc3 38. Kxc3 h2 39. Bd5+ Be6 40. Bxb7 Ra3+ 41. Kd4 h1=Q 42. Bxh1 Ra2 43. Be3 fxe3 44. Kxe3 Bf5 45. Kd4 Rd6+ 46. Kc5 Rad2 47. Bd5+ R6xd5+ 48. cxd5 g4 49. d6 g3 50. b5 g2 51. b6 Bc8 52. Rg1 Kf7 53. Kc6 Rc2+ 54. Kb5 Ke6 55. b7 Bxb7 56. Re1+ Kxd6 57. Kb6 Bd5 58. Rd1 Rb2+ 59. Ka5 Kc5 60. Rg1 Ra2# 0-1


[Site "https://www.chess.com"]

[Event "Titled Tuesday Blitz March 28 Late 2023"]
[White "Narva, Triin"]
[Black "Eggleston, Thomas A"]
[WhiteFideId "4502680"]
[BlackFideId "412139"]
[WhiteElo "1944"]
[BlackElo "2155"]
[Result "1-0"]
[Round "08"]
[TimeControl "180+2"]
[Date "2023.03.28"]
[WhiteClock "0:00:07"]
[BlackClock "0:00:03"]

1. e4 e6 2. d4 d5 3. Nd2 c5 4. Ngf3 cxd4 5. Nxd4 Nc6 6. Nxc6 bxc6 7. Bd3 Bd6 8. O-O Nf6 9. f4 h5 10. h3 Qb6+ 11. Kh1 Ng4 12. Qe1 Bc5 13. Nb3 Nf2+ 14. Kh2 Nxe4 15. Bxe4 dxe4 16. Qxe4 Ba6 17. Rd1 Bf2 18. f5 O-O 19. f6 gxf6 20. Qf3 f5 21. Qxh5 f4 22. Bxf4 Qb5 23. Be5 1-0


[Site "https://www.chess.com"]

[Event "Titled Tuesday Blitz March 28 Late 2023"]
[White "Toma, Katarzyna"]
[Black "Ozalp, Burak"]
[WhiteFideId "1119907"]
[BlackFideId "6314210"]
[WhiteElo "2149"]
[BlackElo "2106"]
[Result "0-1"]
[Round "08"]
[TimeControl "180+2"]
[Date "2023.03.28"]
[WhiteClock "0:00:04"]
[BlackClock "0:00:54"]

1. d4 d5 2. Nf3 Nf6 3. Bf4 g6 4. Nc3 Bg7 5. Qd2 h6 6. h4 c5 7. dxc5 Nc6 8. e3 Qa5 9. Ne5 O-O 10. Be2 Qxc5 11. Nd3 Qa5 12. h5 e5 13. Bg3 d4 14. exd4 exd4 15. Nb1 Qxd2+ 16. Nxd2 Re8 17. Kf1 g5 18. Rd1 Bf5 19. Bf3 Rac8 20. Nb3 Nd7 21. Bd6 g4 22. Bd5 Nde5 0-1


[Site "https://www.chess.com"]

[Event "Titled Tuesday Blitz March 28 Late 2023"]
[White "Stanisz, Patryk"]
[Black "Maluco_do_Natal_00"]
[WhiteFideId "1123106"]
[WhiteElo "2069"]
[BlackElo "2032"]
[Result "1-0"]
[Round "08"]
[TimeControl "180+2"]
[Date "2023.03.28"]
[WhiteClock "0:01:15"]
[BlackClock "0:00:08"]

1. d4 d5 2. c4 c6 3. Nf3 Nf6 4. Nc3 dxc4 5. a4 Bf5 6. e3 e6 7. Bxc4 Bb4 8. O-O Nbd7 9. h3 O-O 10. Qb3 Qe7 11. Na2 Ba5 12. Qxb7 Rfb8 13. Qa6 Nb6 14. Be2 Bb4 15. Ne5 Rc8 16. a5 Nbd5 17. Nxc6 Qd6 18. Ncxb4 Qxa6 19. Nxa6 1-0


[Site "https://www.chess.com"]

[Event "Titled Tuesday Blitz March 28 Late 2023"]
[White "Maranhao,Jose Renato Ruiz"]
[Black "lluiss"]
[WhiteFideId "2135175"]
[WhiteElo "1970"]
[BlackElo "2179"]
[Result "0-1"]
[Round "08"]
[TimeControl "180+2"]
[Date "2023.03.28"]
[WhiteClock "0:00:03"]
[BlackClock "0:00:12"]

1. e4 c5 2. d4 cxd4 3. c3 dxc3 4. Nxc3 Nc6 5. Nf3 e6 6. Bc4 d6 7. O-O a6 8. a4 Be7 9. Be3 Bd7 10. Qe2 Nf6 11. Rac1 Qa5 12. Nd4 Nxd4 13. Bxd4 O-O 14. f4 Bc6 15. f5 e5 16. Be3 b5 17. Bd5 Bxd5 18. exd5 b4 19. Nd1 Nxd5 20. Bd2 Rfc8 21. Rxc8+ Rxc8 22. h3 Qc5+ 23. Kh2 a5 24. g4 Qc4 25. Qxc4 Rxc4 26. b3 Rc2 27. Rf2 Nc3 28. Nxc3 bxc3 29. Be3 Rxf2+ 30. Bxf2 d5 31. Be3 d4 32. Bc1 Kf8 33. Kg2 Ke8 34. Kf3 Kd7 35. Ke4 Kd6 36. g5 f6 37. g6 hxg6 38. fxg6 Ke6 39. h4 f5+ 40. Kd3 Bxh4 41. Ba3 Bg3 42. Bf8 Kf6 43. b4 axb4 44. a5 e4+ 45. Kxd4 c2 46. Bxb4 c1=Q 47. Bc3 Qa3 48. a6 Kxg6 0-1


[Site "https://www.chess.com"]

[Event "Titled Tuesday Blitz March 28 Late 2023"]
[White "Barria Santos, Jose Guilherme"]
[Black "Vargas, Mauricio"]
[WhiteFideId "1939300"]
[BlackFideId "4404572"]
[WhiteElo "2301"]
[BlackElo "2025"]
[Result "1-0"]
[Round "08"]
[TimeControl "180+2"]
[Date "2023.03.28"]
[WhiteClock "0:00:08"]
[BlackClock "0:00:05"]

1. e4 e5 2. Nf3 Nc6 3. Bb5 Bc5 4. O-O Nf6 5. d3 d6 6. c3 a6 7. Ba4 Ba7 8. Re1 b5 9. Bc2 Bg4 10. Nbd2 Bh5 11. Nf1 Bg6 12. Ng3 O-O 13. d4 exd4 14. cxd4 Re8 15. Bg5 h6 16. Bf4 Nh5 17. Nxh5 Bxh5 18. Be3 g5 19. h3 g4 20. hxg4 Bxg4 21. Bxh6 Re6 22. Bg5 Qf8 23. d5 Rg6 24. dxc6 Rxg5 25. Qd3 Rh5 26. Nh2 Rxh2 27. Qg3 Rh1+ 28. Kxh1 Qh6+ 29. Kg1 Qh5 30. Bd1 f5 31. exf5 Bxf2+ 32. Kxf2 Qxf5+ 33. Kg1 1-0


[Site "https://www.chess.com"]

[Event "Titled Tuesday Blitz March 28 Late 2023"]
[White "Burke, Paul"]
[Black "Torres Dominguez, David"]
[WhiteFideId "2605767"]
[BlackFideId "2220857"]
[WhiteElo "1948"]
[BlackElo "1999"]
[Result "0-1"]
[Round "08"]
[TimeControl "180+2"]
[Date "2023.03.28"]
[WhiteClock "0:00:16"]
[BlackClock "0:00:58"]

1. e4 Nc6 2. Nf3 e5 3. Bc4 Bc5 4. b4 Bxb4 5. c3 Be7 6. Qb3 Nh6 7. d4 Na5 8. Qa4 Nxc4 9. Qxc4 exd4 10. Bxh6 gxh6 11. cxd4 O-O 12. O-O c6 13. Nbd2 d5 14. Qc2 Bf6 15. e5 Bg7 16. Rad1 Bg4 17. h3 Bh5 18. g4 Bg6 19. Qb2 Rb8 20. Rfe1 h5 21. g5 Qd7 22. Kh2 Qf5 23. Qc3 Qf4+ 24. Kg2 Be4 25. Qe3 Qxe3 26. Rxe3 Bf5 27. Nh4 Bg6 28. f4 Bc2 29. Rc1 Ba4 30. f5 Rfe8 31. f6 Bf8 32. Nf5 Rbc8 33. Nh6+ Bxh6 34. gxh6 Kh8 35. Rg3 Rg8 36. Kh2 Rxg3 37. Kxg3 Rg8+ 38. Kh2 Rg6 39. Rg1 Bb5 40. h4 Kg8 41. Rg5 Kf8 42. Rxh5 b6 43. Nf3 c5 44. dxc5 bxc5 45. Ng5 Kg8 46. Nf3 Be2 47. e6 fxe6 48. f7+ Kf8 0-1


[Site "https://www.chess.com"]

[Event "Titled Tuesday Blitz March 28 Late 2023"]
[White "Pein, Jonathan"]
[Black "Stead, Kerry"]
[WhiteFideId "417092"]
[BlackFideId "3202577"]
[WhiteElo "2151"]
[BlackElo "1997"]
[Result "1-0"]
[Round "08"]
[TimeControl "180+2"]
[Date "2023.03.28"]
[WhiteClock "0:02:38"]
[BlackClock "0:00:08"]

1. e4 c6 2. b3 d5 3. Bb2 Nf6 4. e5 Nfd7 5. e6 fxe6 6. Nf3 Nf6 7. Ne5 Nbd7 8. d4 g6 9. Bd3 Nxe5 10. dxe5 Nd7 11. Qg4 Nc5 12. Be2 1-0


[Site "https://www.chess.com"]

[Event "Titled Tuesday Blitz March 28 Late 2023"]
[White "dDobravcan"]
[Black "Sanchez, Robert"]
[BlackFideId "2034360"]
[WhiteElo "2124"]
[BlackElo "2073"]
[Result "1-0"]
[Round "08"]
[TimeControl "180+2"]
[Date "2023.03.28"]
[WhiteClock "0:00:07"]
[BlackClock "0:01:47"]

1. e4 e6 2. d3 d5 3. Nd2 dxe4 4. dxe4 e5 5. Ngf3 Nc6 6. Bc4 Be7 7. c3 Nf6 8. O-O O-O 9. a4 Bg4 10. a5 a6 11. Re1 Bd6 12. Qb3 Rb8 13. h3 Bh5 14. Nh4 Nd7 15. Nf5 Nc5 16. Qc2 Bg6 17. b4 Nd7 18. Nf3 Ne7 19. g4 Kh8 20. Bg5 f6 21. Be3 Nxf5 22. exf5 Be8 23. Rad1 Qe7 24. Nd2 Rd8 25. Ne4 Nb8 26. Kh2 g6 27. Ng3 Nc6 28. Kg2 Qg7 29. Be6 Ne7 30. Qe4 Bc6 1-0


[Site "https://www.chess.com"]

[Event "Titled Tuesday Blitz March 28 Late 2023"]
[White "Sadhwani, Raunak"]
[Black "Firouzja, Alireza"]
[WhiteFideId "35093487"]
[BlackFideId "12573981"]
[WhiteElo "2631"]
[BlackElo "2904"]
[Result "1-0"]
[Round "09"]
[TimeControl "180+2"]
[Date "2023.03.28"]
[WhiteClock "0:00:03"]
[BlackClock "0:00:01"]

1. e4 c5 2. Nf3 d6 3. Bb5+ Nd7 4. a4 a6 5. Be2 Ngf6 6. Nc3 b6 7. d4 cxd4 8. Qxd4 Bb7 9. O-O e5 10. Qe3 Nc5 11. Rd1 Qc7 12. Nd2 Be7 13. b3 Ne6 14. Bb2 Nd4 15. Bd3 O-O 16. h3 Rfe8 17. Nf3 Ne6 18. Bc4 Qc5 19. Qe1 Qc7 20. Qe3 Rad8 21. Ba3 Nf4 22. Bb2 h6 23. Re1 Bf8 24. Rad1 Rc8 25. Nh4 Kh7 26. Kh2 g6 27. g3 Ne6 28. Nf3 Bg7 29. Re2 Rcd8 30. Nd5 Nxd5 31. Bxd5 Bc8 32. Ba3 a5 33. Red2 Nc5 34. Bxc5 bxc5 35. Nh4 Rf8 36. Qe2 Bf6 37. Ng2 Bg5 38. Rd3 h5 39. h4 Bh6 40. Ne3 Qe7 41. Bc4 f5 42. Nd5 Qg7 43. Nc3 f4 44. Rxd6 Rxd6 45. Rxd6 fxg3+ 46. fxg3 Bg4 47. Qe1 Qe7 48. Rd3 Qf6 49. Kg1 Bh3 50. Nd5 Qd8 51. Kh2 Bg4 52. Ne3 Qc8 53. Nxg4 Qxg4 54. Kg2 g5 55. hxg5 Bxg5 56. Bd5 h4 57. Qh1 Kg7 58. Qd1 h3+ 59. Kh1 Qxd1+ 60. Rxd1 Rf2 61. Be6 1-0


[Site "https://www.chess.com"]

[Event "Titled Tuesday Blitz March 28 Late 2023"]
[White "Bortnyk, Olexandr"]
[Black "Paravyan, David"]
[WhiteFideId "14120828"]
[BlackFideId "4194985"]
[WhiteElo "2734"]
[BlackElo "2577"]
[Result "0-1"]
[Round "09"]
[TimeControl "180+2"]
[Date "2023.03.28"]
[WhiteClock "0:00:02"]
[BlackClock "0:00:15"]

1. e4 e5 2. Bc4 Nf6 3. d3 c6 4. Nf3 d5 5. Bb3 Bd6 6. Nc3 O-O 7. O-O d4 8. Ne2 a5 9. a3 a4 10. Ba2 c5 11. Ng3 Be6 12. Nh4 Bxa2 13. Rxa2 Ra6 14. Ngf5 Bc7 15. Qf3 Kh8 16. Bg5 Nbd7 17. Qh3 Qe8 18. Raa1 Qe6 19. f4 exf4 20. Qf3 Rg8 21. Rae1 h6 22. Qh3 Be5 23. Nf3 Nh7 24. Bh4 g5 25. Nxe5 Nxe5 26. Bf2 Rb6 27. Rb1 Rg6 28. Be1 Nf6 29. Bd2 Kh7 30. c3 Rb3 31. Rfd1 Nfg4 32. Re1 Ne3 33. cxd4 Nxd3 34. d5 Qxe4 35. Rxe3 fxe3 36. Nxe3 Nf4 37. Qf5 Rxe3 0-1


[Site "https://www.chess.com"]

[Event "Titled Tuesday Blitz March 28 Late 2023"]
[White "Martinez Alcantara, Jose Eduardo"]
[Black "Durarbayli, Vasif"]
[WhiteFideId "3805662"]
[BlackFideId "13402935"]
[WhiteElo "2712"]
[BlackElo "2543"]
[Result "0-1"]
[Round "09"]
[TimeControl "180+2"]
[Date "2023.03.28"]
[WhiteClock "0:00:09"]
[BlackClock "0:00:04"]

1. e4 c5 2. Nf3 d6 3. c3 Nf6 4. h3 g6 5. Bd3 Bg7 6. Bc2 e5 7. O-O Nc6 8. d3 O-O 9. Bg5 h6 10. Bxf6 Qxf6 11. Nbd2 Be6 12. Bb3 Rad8 13. Bxe6 Qxe6 14. Qb3 Qxb3 15. axb3 d5 16. Rfd1 Rd7 17. Kf1 Rfd8 18. Ke2 b6 19. exd5 Rxd5 20. Nc4 f5 21. g4 R5d7 22. gxf5 gxf5 23. Nh4 Ne7 24. Ne3 Rf8 25. Rg1 Kh7 26. Rg2 e4 27. dxe4 fxe4 28. Rg4 Bf6 29. Nhg2 Rfd8 30. Rd1 Rxd1 31. Nxd1 Nc6 32. Rxe4 Na5 33. Ra4 Rd7 34. Ra3 c4 35. b4 Nb3 36. Nge3 b5 37. Kf3 Bg5 38. Kg4 Rf7 39. Kg3 Nd2 40. Kg2 Ne4 41. Ng4 Rd7 42. Nde3 h5 43. Ne5 Rd2 44. Rxa7+ Kg8 45. Ra8+ Kh7 46. Ra7+ Kg8 47. Nd5 Rxd5 48. Kg1 Rxe5 49. h4 Bf6 50. f4 Re7 51. Ra6 Kf7 52. Rb6 Nd2 53. Rxb5 Nf3+ 54. Kf2 Nxh4 55. Rxh5 Rd7 56. Rc5 Rd2+ 57. Kg3 Rxb2 58. Rxc4 Nf5+ 59. Kf3 Nd6 60. Rc6 Ke6 61. c4 Kd7 62. Rb6 Bd4 63. c5 Nc4 64. Rb7+ Kc6 65. Rb8 Nd2+ 66. Kg4 Kd5 67. Rd8+ Ke4 68. c6 Rc2 69. b5 Nc4 70. Re8+ Kd5 71. Rd8+ Ke4 72. Re8+ Kd3 73. c7 Nb6 74. Re6 Rxc7 75. f5 Nd5 76. Rd6 Ke4 77. Re6+ Kd3 78. b6 Rb7 79. Rd6 Nf6+ 80. Kg5 Ne4+ 0-1


[Site "https://www.chess.com"]

[Event "Titled Tuesday Blitz March 28 Late 2023"]
[White "Sargsyan, Shant"]
[Black "Nakamura, Hikaru"]
[WhiteFideId "13306766"]
[BlackFideId "2016192"]
[WhiteElo "2628"]
[BlackElo "2879"]
[Result "1-0"]
[Round "09"]
[TimeControl "180+2"]
[Date "2023.03.28"]
[WhiteClock "0:00:33"]
[BlackClock "0:00:02"]

1. Nf3 d5 2. d4 Nc6 3. Bf4 Bg4 4. e3 e6 5. h3 Bh5 6. c4 Nf6 7. Nc3 Bb4 8. Be2 Ne4 9. Rc1 Bg6 10. O-O Nxc3 11. bxc3 Ba3 12. Rb1 Bxb1 13. Qxb1 Bd6 14. Qxb7 Na5 15. Qa6 Nxc4 16. Bxc4 dxc4 17. Qc6+ Ke7 18. Ne5 Re8 19. Qf3 Bxe5 20. Bxe5 f6 21. Bg3 Qd7 22. Qh5 h6 23. e4 Reb8 24. Qc5+ Kf7 25. Qxc4 Rb6 26. d5 Rc8 27. Rd1 Kg8 28. Kh2 Kh7 29. f4 exd5 30. Rxd5 Rd6 31. Ra5 c5 32. e5 fxe5 33. fxe5 Rd2 34. Qe4+ Kg8 35. e6 Qc6 36. Qxc6 Rxc6 37. e7 Re6 38. Rxa7 g5 39. Bf2 Rd5 40. Rc7 Kf7 41. Bxc5 Rd2 42. Rc8 Rde2 43. a4 1-0


[Site "https://www.chess.com"]

[Event "Titled Tuesday Blitz March 28 Late 2023"]
[White "Sarana, Alexey"]
[Black "Erigaisi Arjun"]
[WhiteFideId "24133795"]
[BlackFideId "35009192"]
[WhiteElo "2714"]
[BlackElo "2737"]
[Result "1-0"]
[Round "09"]
[TimeControl "180+2"]
[Date "2023.03.28"]
[WhiteClock "0:00:03"]
[BlackClock "0:00:04"]

1. d4 d6 2. c4 g6 3. Nc3 Bg7 4. e4 Nc6 5. Be3 e5 6. d5 Nce7 7. c5 f5 8. cxd6 cxd6 9. Bb5+ Kf7 10. f3 Nf6 11. Nge2 f4 12. Bf2 g5 13. h3 h5 14. Qb3 Ng6 15. Qb4 a6 16. Bd3 b5 17. a4 a5 18. Qb3 b4 19. Nb5 Ba6 20. Rc1 Bxb5 21. axb5 Nd7 22. Rc6 Bf8 23. Kd2 Kg7 24. Qa4 Nc5 25. Bxc5 dxc5 26. b6 Bd6 27. Qb5 Ne7 28. b7 Rb8 29. Ra6 Qc7 30. Ra7 c4 31. Rc1 c3+ 32. bxc3 Bc5 33. cxb4 Be3+ 34. Kd1 Bxc1 35. Nxc1 axb4 36. Nb3 Rh6 37. Qc5 Qd8 38. Na5 Rb6 39. Kc2 b3+ 40. Kb2 Ng6 41. Nc6 Qc7 42. Ba6 g4 43. hxg4 hxg4 44. Ra8 Rxa6 45. Rxb8 gxf3 46. gxf3 Rxc6 47. Qxc6 Qxb8 48. Qc8 Qa7 49. b8=Q Qa2+ 50. Kc3 Qc2+ 51. Kb4 Qd2+ 52. Kxb3 Qe3+ 53. Ka4 Qd4+ 54. Qb4 Qa7+ 55. Kb5 Ne7 56. Qcc5 Qd7+ 57. Kc4 Nc8 58. Kb3 Kh6 59. Qf8+ Kh5 60. Qf5+ 1-0


[Site "https://www.chess.com"]